AoeStats
← KaOT

African Clearing

503875612Analyzed
4v4 RM · 1mo ago on Sep 2, 2026· 34m 51s· 8 players
Game mode
Random Map
Map size
Large (8 player)
Population
200
Speed
Normal
Resources
Standard
Victory
Conquest
Starting age
Dark Age
Ending age
Imperial Age
RankedLock teamsTeams togetherTeam positionsShared explorationLock speedFull tech treeHidden civsTurbo modeCheats
Victory
Defeat
🇲🇽 Huns · Mexico
1108
+12
🇨🇦 Inca · Canada
1095
+13
🇦🇹 Tatars · Austria
1079
+14
🇲🇽 Malay · Mexico
1066
+14
🇹🇷 Maya · Türkiye
1049
-14
🇧🇪 Byzantines · Belgium
1034
-14
🇩🇪 Huns · Germany
1021
-13
🇩🇪 Burgundians · Germany
997
-12
lml_IngEddie_lml
4:08 Loom
13:54 Feudal Age
13:47 Double-Bit Axe
17:58 Town Watch
23:43 Castle Age
21:49 Horse Collar
22:58 Forging
22:32 Horse Collar
23:55 Wheelbarrow
23:26 Heavy Plow
24:07 Stone Mining
24:29 Bow Saw
24:52 Gold Mining
27:21 Forging
28:40 Iron Casting
29:53 Fletching
30:50 Bow Saw
31:17 Wheelbarrow
31:30 Ballistics
32:04 Squires
31:50 Arson
32:35 Bodkin Arrow
32:33 Pikeman
33:56 Masonry
GR4Y_BE4RD
13:55 Feudal Age
13:08 Loom
15:27 Double-Bit Axe
15:22 Horse Collar
15:27 Double-Bit Axe
17:55 Wheelbarrow
18:37 Town Watch
21:43 Castle Age
20:52 Scale Mail Armor
21:12 Champi Runner
23:28 Hand Cart
23:17 Squires
23:29 Champi Warrior
26:51 Town Patrol
31:06 Chain Mail Armor
32:22 Forging
31:59 Arson
35:31 Sanctity
35:22 Redemption
lord_joshi
3:49 Loom
15:10 Feudal Age
15:47 Double-Bit Axe
17:25 Horse Collar
23:04 Castle Age
21:46 Bloodlines
22:44 Gold Mining
23:04 Scale Barding Armor
23:16 Stone Mining
25:29 Fletching
26:02 Chain Barding Armor
27:07 Town Watch
29:21 Forging
31:38 Heavy Plow
31:45 Herbal Medicine
33:47 Wheelbarrow
PERMANED22
11:45 Loom
12:49 Loom
15:34 Feudal Age
20:12 Castle Age
18:18 Fletching
18:42 Double-Bit Axe
26:05 Ballistics
26:49 Bodkin Arrow
28:15 Thumb Ring
31:21 Husbandry
34:03 Wheelbarrow
33:14 Town Watch
Φ Lechero
13:19 Loom
21:09 Feudal Age
27:03 Castle Age
25:28 Horse Collar
25:37 Double-Bit Axe
30:10 Wheelbarrow
30:12 Heavy Plow
30:29 Elite Skirmisher
31:43 Stone Mining
33:10 Hand Cart
WinterVison
14:32 Feudal Age
14:10 Loom
15:32 Double-Bit Axe
21:15 Castle Age
24:35 Horse Collar
31:42 Squires
33:53 Wheelbarrow
33:08 Elite Skirmisher
33:15 Pikeman
KaOT
15:22 Feudal Age
14:51 Double-Bit Axe
17:40 Horse Collar
17:55 Loom
23:06 Castle Age
21:34 Heavy Plow
23:25 Bow Saw
26:25 Gold Mining
27:41 Fletching
29:52 Cavalier
telefontel1
8:38 Loom
15:54 Feudal Age
21:37 Castle Age
20:06 Gold Mining
20:09 Fletching
20:23 Fishing Lines
21:27 Double-Bit Axe
23:29 Wheelbarrow
23:50 Gillnets
23:32 Crossbowman
26:35 Padded Archer Armor
27:25 Fletching
28:13 Thumb Ring
31:54 Horse Collar
Connection lost

Rejoining the realm…

Still unreachable

The connection could not be restored.

Session expired

The server has moved on; the page needs a fresh start.